AoeStats
← rtbold

MegaRandom

508799109Analyzed
2v2 RM · 9d ago on Sep 24, 2026· 23m 2s· 4 players
Game mode
Random Map
Map size
Medium (4 player)
Population
200
Speed
Normal
Resources
Standard
Victory
Conquest
Starting age
Dark Age
Ending age
Imperial Age
RankedLock teamsTeams togetherTeam positionsShared explorationLock speedFull tech treeHidden civsTurbo modeCheats
Victory
Defeat
🇺🇸 Huns · United States
1183
+16
🇺🇸 Muisca · United States
1132
+17
🇨🇴 Danes · Colombia
1199
-18
🇹🇷 Turks · Türkiye
1141
-15
Black Death
1:37 Loom
12:28 Feudal Age
15:55 Double-Bit Axe
17:32 Scale Barding Armor
17:48 Horse Collar
zaad
12:48 Feudal Age
13:07 Loom
18:45 Castle Age
17:01 Fletching
17:16 Scale Mail Armor
17:51 Stone Mining
17:49 Double-Bit Axe
19:00 Forging
demoror
11:12 Feudal Age
13:56 Horse Collar
16:57 Castle Age
16:01 Scale Barding Armor
16:52 Bloodlines
rtbold
4:14 Loom
11:02 Feudal Age
15:14 Castle Age
13:50 Fletching
15:26 Double-Bit Axe
15:21 Horse Collar
15:28 Crossbowman
18:59 Bodkin Arrow
20:42 Town Watch
21:47 Bow Saw
Connection lost

Rejoining the realm…

Still unreachable

The connection could not be restored.

Session expired

The server has moved on; the page needs a fresh start.